 Dungeon Sprint DCSS version 0.26-a0-1184-g95e395e029 (webtiles) character file.

Game seed: 1605668738283445219

749 reriks the Protected (level 7, -8/45 HPs)
             Began as a Gargoyle Berserker on Dec 27, 2020.
             Was an Elder of Trog.
             Killed from afar by a lava snake (14 damage)
             ... with a glob of lava
             ... in the Dungeon (Sprint II: "The Violet Keep of Menkaure").
             The game lasted 00:02:37 (942 turns).

reriks the Protected (Gargoyle Berserker)            Turns: 942, Time: 00:02:38

Health: -8/45      AC: 20    Str: 30    XL:     7   Next: 78%
Magic:  7/7        EV:  9    Int:  8    God:    Trog [****..]
Gold:   15         SH:  0    Dex: 11    Spells: 6/6 levels left

rFire    . . .     SeeInvis .   g - -1 whip (curse)
rCold    . . .     Faith    .   (no shield)
rNeg     + . .     Spirit   .   e - +0 plate armour "Ygusaucs" {Str+8} (curse)
rPois    ∞         Reflect  .   (no helmet)
rElec    +         Harm     .   (no cloak)
rCorr    .         Rampage  .   (no gloves)
Will     .....     NoTele   +   (no boots)
Stlth    ..........             (no amulet)
HPRegen  0.15/turn              (no ring)
MPRegen  0.10/turn              (no ring)

@: no status effects
A: agile 1, blurry vision 1, negative energy resistance 1, electricity
resistance, unbreathing, petrification resistance, miasma immunity, AC +4
a: Renounce Religion, Berserk, Trog's Hand, Brothers in Arms


You were in the Dungeon.
You worshipped Trog.
Trog was greatly pleased with you.
You visited 1 branch You collected 729 gold pieces.
You spent 714 gold pieces at shops.

Inventory:

Hand Weapons
 a - a +0 mace
 g - a cursed -1 whip (weapon)
Armour
 b - a +0 animal skin
 e - the cursed +0 plate armour "Ygusaucs" (worn) {Str+8}
   (You bought it in a shop in the Dungeon)

   It affects your strength (+8).
   It has a curse placed upon it.
Scrolls
 h - a scroll of blinking
Potions
 c - a potion of curing
 d - a potion of heal wounds
 f - 2 potions of magic


   Skills:
 + Level 5.7 Fighting
 + Level 11.4 Maces & Flails
 + Level 12.1 Armour
 - Level 2.7 Dodging


You had 6 spell levels left.
You didn't know any spells.
Your spell library was empty.

Dungeon Overview and Level Annotations

Branches:
Dungeon (1/1)

Altars:

Shops:
D :!!![?=:(*([(=}

Annotations:
D exclusion: oklob plant, Kirke


Innate Abilities, Weirdness & Mutations

You are resistant to torment.
Your stone body is resilient. (AC +4)
You are immune to poison.
You resist negative energy. (rN+)
You are resistant to electric shocks. (rElec)
You can survive without breathing.
You are immune to petrification.
You are immune to miasma.
You are agile. (Dex +2)
Scrolls take you a little longer to read.


Message History

An ufetubus opens the door.
An ufetubus is nearby!
Something unseen opens the gate.
The ufetubus hits you but does no damage.
The ufetubus hits you. x2
* * * LOW HITPOINT WARNING * * *
The ufetubus closely misses you.
You closely miss the ufetubus. The ufetubus completely misses you.
The ufetubus barely misses you.
The yaktaur captain is engulfed in blazing flames.
You hit the ufetubus.
The ufetubus is almost dead.
The ufetubus closely misses you. The ufetubus misses you.
You hit the ufetubus.
You kill the ufetubus!
The yaktaur captain shoots a bolt.
The bolt hits you!
* * * LOW HITPOINT WARNING * * *
The lava snake spits lava at you. The glob of lava hits you!
You die...

####+#### ##≈≈°°≈≈°##
##≈≈≈§≈°°§§##
+≈°≈§○§°°§§§# @
##≈○○°°○○≈≈ Kc.≈##≈SSSS≈
##########≈≈#°○°#+++##
#########≈≈≈K.@c.....#
.....∩.∩#≈≈≈≈.##@##..#
....∩.∩.#≈≈≈≈###(###.#
...∩.∩..#≈≈≈≈#..#..#...
..∩.∩...#≈≈####.#.## #..
.⌠.∩....#≈##.###'## .##..#
....∩...#≈#...##.##B..#..#
...∩.∩..'≈'##.'.<.+# .#
....∩.∩.#≈#.####.##B.$#
▓▓▓▓▓▓###≈##.###'## .##


You could see Kirke, a yaktaur captain, a kobold demonologist and 4 lava snakes.

Vanquished Creatures
  4 neqoxecs (D)
  Menkaure (D)
  4 worker ants (D)
  A hell rat (D)
  3 worms (D)
13 creatures vanquished.

Vanquished Creatures (others)
  A water moccasin (D)
1 creature vanquished.

Grand Total: 14 creatures vanquished

Notes
Turn   | Place    | Note
-------+----------+-------------------------------------------
     0 | D        | reriks the Gargoyle Berserker began the quest for the Orb.
     0 | D        | Reached XP level 1. HP: 14/14 MP: 1/1
     1 | D        | Noticed a worker ant
     1 | D        | Noticed a worker ant
     1 | D        | Noticed a worker ant
     1 | D        | Noticed a worker ant
     7 | D        | Killed a worker ant
     8 | D        | Reached skill level 3 in Armour
     8 | D        | Reached XP level 2. HP: 20/20 MP: 2/2
     8 | D        | Reached XP level 3. HP: 24/24 MP: 3/3
    11 | D        | Reached skill level 4 in Armour
    13 | D        | Reached ** piety under Trog
    14 | D        | Reached skill level 5 in Maces & Flails
    14 | D        | Reached skill level 5 in Armour
    14 | D        | Reached XP level 4. HP: 30/30 MP: 4/4
    20 | D        | Reached skill level 6 in Armour
    46 | D        | Killed a water moccasin
   243 | D        | Noticed a boulder beetle
   243 | D        | Noticed a boulder beetle
   247 | D        | Noticed a neqoxec
   247 | D        | Noticed a neqoxec
   247 | D        | Noticed a neqoxec
   247 | D        | Noticed a neqoxec
   253 | D        | Killed a neqoxec
   254 | D        | Reached skill level 8 in Armour
   254 | D        | Reached XP level 5. HP: 34/34 MP: 5/5
   260 | D        | Gained mutation: You are agile. (Dex +2) [a neqoxec]
   262 | D        | Killed a neqoxec
   263 | D        | Reached skill level 10 in Armour
   263 | D        | Reached XP level 6. HP: 28/39 MP: 6/6
   269 | D        | Gained mutation: Scrolls take you a little longer to read.
                  | [a neqoxec]
   270 | D        | Killed a neqoxec
   270 | D        | Reached *** piety under Trog
   271 | D        | Reached skill level 10 in Maces & Flails
   271 | D        | Reached skill level 11 in Armour
   271 | D        | Reached XP level 7. HP: 22/44 MP: 7/7
   282 | D        | Killed a neqoxec
   533 | D        | Reached **** piety under Trog
   539 | D        | Found Qomoh's Jewellery Emporium.
   540 | D        | Found Ypeys's Weapon Shoppe.
   540 | D        | Found Zuoklat's Book Emporium.
   540 | D        | Found Mulecsug's Distillery.
   540 | D        | Found Zaexzeol's Jewellery Shoppe.
   540 | D        | Found Rusur's Antique Weapon Shoppe.
   540 | D        | Found Qaufeatt's Distillery.
   540 | D        | Found Yfyoxaec's Antique Weapon Shoppe.
   540 | D        | Found Haseobuu's Magic Scroll Emporium.
   540 | D        | Found Soceskeono's Gadget Shoppe.
   540 | D        | Found Vupik's Assorted Antiques.
   552 | D        | Found Noeb Mae's Distillery.
   553 | D        | Found Fioqunu's Antique Armour Shoppe.
   553 | D        | Found Wunouqupp's Antique Armour Emporium.
   553 | D        | Noticed an ice dragon
   554 | D        | Noticed Menkaure
   554 | D        | Noticed an oklob plant
   554 | D        | Noticed a slime creature
   570 | D        | Killed Menkaure
   571 | D        | Reached skill level 5 in Fighting
   571 | D        | Reached skill level 12 in Armour
   612 | D        | Noticed a slime creature
   877 | D        | Noticed a slime creature
   879 | D        | Found Muddoam's Book Shoppe.
   886 | D        | Noticed a shining eye
   886 | D        | Noticed a shining eye
   887 | D        | Bought an ancient plate armour for 588 gold pieces
   892 | D        | Bought a runed whip for 126 gold pieces
   903 | D        | Identified the cursed +0 plate armour "Ygusaucs" {Str+8}
                  | (You bought it in a shop in the Dungeon)
   930 | D        | Noticed Kirke
   930 | D        | Noticed a kobold demonologist
   930 | D        | Noticed a yaktaur captain
   942 | D        | Killed from afar by a lava snake

Illustrated notes

Levels and vault maps discovered:
D:        the_violet_keep_of_menkaure [sprint2_stairs_cluster_1,
          sprint2_shoproom, sprint2_temple, sprint2_basic_supplies,
          sprint2_obstacle_6, sprint2_obstacle_3, sprint2_obstacle_5,
          sprint2_obstacle_7, sprint2_obstacle_2, sprint2_timed_cluster_1,
          sprint2_smallroom_cluster_1, sprint2_smallroom_final_cluster_1,
          sprint2_transparent_cluster_1, sprint2_second_timed_cluster_1,
          sprint2_sniper_area_1, sprint2_heavy_combat_area_1,
          sprint2_mutation_trap_area_1, sprint2_forest_area_1,
          sprint2_light_combat_area_1, sprint2_behind_water_1,
          sprint2_near_end_vault_1]

Skill      XL: |  1  2  3  4  5  6  7 |
---------------+----------------------+-----
Fighting       | 4 5 |  5.7
Maces & Flails | 4 5 8 9 10 11 | 11.4
Armour         | 3 5 8 10 11 12 | 12.1
Dodging        | 2 |  2.7

Action                   |  1- 3 |  4- 6 |  7- 9 || total
-------------------------+-------+-------+-------++-------
Melee: Mace              |    10 |    26 |    37 ||    73
       Whip              |       |       |     3 ||     3
Invok: Berserk           |     1 |       |     2 ||     3
  Use: Potion            |       |     2 |       ||     2
 Stab: Sleeping          |       |       |     1 ||     1
Armor: Animal skin       |     1 |     2 |     1 ||     4
       Plate armour      |       |       |     1 ||     1
Dodge: Dodged            |     4 |     4 |    16 ||    24

Table legend: (Time is in decaauts)
 A = Elapsed time spent in this place.
 B = Non-inter-level travel time spent in this place.
 C = Inter-level travel time spent in this place.
 D = Time resting spent in this place.
 E = Time spent auto-exploring this place.
 F = Levels seen in this place.
 G = Mean time per level.
                   A        B        C        D        E       F      G
               +--------+--------+--------+--------+--------+-----+--------+
         Total |    964 |    964 |      0 |    764 |     10 |   1 |  964.0 |
       Dungeon |    964 |    964 |      0 |    764 |     10 |   1 |  964.0 |
               +--------+--------+--------+--------+--------+-----+--------+

Top non-repeatable levels by time:
       D: 964 daAuts
